 Dungeon Crawl Stone Soup version 0.17-a0-469-g696e5a1 (webtiles) character file.

7284 Radiman the Geomancer (level 11, 0/71 HPs)
             Began as a Gargoyle Earth Elementalist on Apr 6, 2015.
             Was a Priest of Vehumet.
             Slain by a five-headed hydra (13 damage)
             ... on level 2 of the Lair of Beasts.
             The game lasted 01:41:20 (16153 turns).

Radiman the Geomancer (GrEE)                       Turns: 16153, Time: 01:41:21

Health: 0/71       AC: 11    Str: 11    XL:     11   Next: 12%
Magic:  5/22       EV: 13    Int: 20    God:    Vehumet [***...]
Gold:   575        SH:  0    Dex: 10    Spells: 5 memorised, 13 levels left

rFire  . . .     SeeInvis +     L - +2 dagger (venom)
rCold  + . .     Clarity  .     c - +0 robe
rNeg   + + .     SustAb   .     (no shield)
rPois  ∞         Gourm    .     (no helmet)
rElec  +         Spirit   .     (no cloak)
rCorr  .         Warding  +     z - +0 pair of gloves
rMut   .         Stasis   .     (no boots)
MR     .....                    i - amulet of warding
Stlth  ++........               O - ring of see invisible
                                S - ring of protection from cold

@: not resistant to hostile enchantments, unstealthy
A: negative energy resistance 1, electricity resistance, unbreathing,
petrification resistance, rot immunity, AC +7
a: Renounce Religion


You were on level 2 of the Lair of Beasts.
You worshipped Vehumet.
Vehumet was most pleased with you.
You were hungry.

You visited 3 branches of the dungeon, and saw 11 of its levels.
You also visited: Ossuary.

You collected 575 gold pieces.

Inventory:

Hand weapons
 o - a +0 morningstar
 L - a +2 dagger of venom (weapon)
 Q - a +0 blowgun
 T - a +2 vampiric war axe
Missiles
 b - 237 stones (quivered)
 R - 6 curare-tipped needles
 Y - 10 poisoned needles
Armour
 c - a +0 robe (worn)
 v - a +3 shield
 z - a +0 pair of gloves (worn)
Jewellery
 e - an uncursed ring of teleport control
 i - an amulet of warding (around neck)
 J - an uncursed ring of flight
 O - a ring of see invisible (right hand)
 S - a ring of protection from cold (left hand)
Magical devices
 B - a wand of hasting (2)
Scrolls
 f - 2 scrolls of amnesia
 g - 4 scrolls of enchant armour
 j - 2 scrolls of magic mapping
 l - 4 scrolls of blinking
 q - 4 scrolls of teleportation
 r - 3 scrolls of remove curse
 t - a scroll of immolation {unknown}
 x - 2 scrolls of recharging
 y - a scroll of summoning {unknown}
 G - 2 scrolls of noise {unknown}
 K - a scroll of fear
 M - 2 scrolls of fog {unknown}
 P - 2 scrolls of torment {unknown}
 W - a scroll of silence {unknown}
 X - a scroll of vulnerability {unknown}
Potions
 h - 2 potions of agility
 k - 2 potions of magic
 n - 4 potions of lignification
 s - 4 potions of restore abilities
 u - 4 potions of might {unknown}
 D - 4 potions of curing
 E - 5 potions of poison {unknown}
 F - 2 potions of flight {unknown}
Books
 d - a book of Geomancy

   Spells                             Type                      Level
   a - Sandblast                      Earth                        1
   b - Stoneskin                      Transmutation/Earth          2
   c - Passwall                       Transmutation/Earth          3
   d - Stone Arrow                    Conjuration/Earth            3
   e - Petrify                        Transmutation/Earth          4
   f - Lee's Rapid Deconstruction     Earth                        5
 p - a Young Poisoner's Handbook

   Spells                             Type                      Level
   a - Sting                          Conjuration/Poison           1
   b - Cure Poison                    Poison                       2
   c - Mephitic Cloud                 Conjuration/Poison/Air       3
   d - Olgreb's Toxic Radiance        Poison                       4
   e - Venom Bolt                     Conjuration/Poison           5
 C - a book of Transfigurations

   Spells                             Type                      Level
   a - Stoneskin                      Transmutation/Earth          2
   b - Irradiate                      Conjuration/Transmutation    5
   c - Statue Form                    Transmutation/Earth          6
   d - Hydra Form                     Transmutation                6
   e - Dragon Form                    Transmutation                7
 H - a book of Necromancy

   Spells                             Type                      Level
   a - Pain                           Necromancy                   1
   b - Animate Skeleton               Necromancy                   1
   c - Vampiric Draining              Necromancy                   3
   d - Regeneration                   Charms/Necromancy            3
   e - Animate Dead                   Necromancy                   4
   f - Control Undead                 Necromancy                   4
 I - a book of Summonings

   Spells                             Type                      Level
   a - Abjuration                     Summoning                    3
   b - Recall                         Summoning/Translocation      3
   c - Shadow Creatures               Summoning                    5
   d - Summon Demon                   Summoning                    5
   e - Summon Forest                  Summoning/Translocation      5
   f - Monstrous Menagerie            Summoning                    6
Comestibles
 a - 11 bread rations
 m - 4 beef jerkies
 A - 5 meat rations


   Skills:
 * Level 9.0 Fighting
 + Level 4.4 Armour
 + Level 3.8 Dodging
 - Level 2.1 Stealth
 - Level 7.9 Spellcasting
 - Level 2.5 Necromancy
 - Level 0.7 Transmutations
 - Level 11.0 Earth Magic
 - Level 3.9 Evocations


You had 13 spell levels left.
You knew the following spells:

 Your Spells              Type           Power        Failure   Level  Hunger
a - Sandblast             Erth           ######       1%          1    None
b - Stoneskin             Trmt/Erth      ####....     1%          2    None
c - Stone Arrow           Conj/Erth      ####..       1%          3    None
d - Lee's Rapid Deconstr  Erth           ######....   1%          5    #####..
e - Animate Skeleton      Necr           N/A          2%          1    None


Dungeon Overview and Level Annotations

Branches:
Dungeon (8/15)             Temple (1/1) D:5            Lair (2/8) D:8

Altars:
Ashenzari
Cheibriados
Dithmenos
Fedhas
Gozag
Kikubaaqudgha
Makhleb
Nemelex Xobeh
Okawaru
Qazlal
Ru
Sif Muna
Trog
Vehumet
Xom
Yredelemnul
Zin
The Shining One
Lugonu

Shops:
D:4 !

Annotations:
Lair:2 exclusion: hydra


Innate Abilities, Weirdness & Mutations

You are resistant to torment.
Your stone body is resilient (AC +7).
You are immune to poison.
You resist negative energy.
You are resistant to electric shocks.
You can survive without breathing.
You are immune to petrification.
You are immune to rotting.


Message History

Press: ? - help, Shift-Dir - straight line, f/p - five-headed hydra
Aim: a five-headed hydra (severely wounded)
The stone arrow hits the five-headed hydra.
The five-headed hydra is severely wounded.
The five-headed hydra bites you but does no damage.
The five-headed hydra bites you! The five-headed hydra bites you.
The five-headed hydra bites you! x2
Casting: Stone Arrow
Confirm with . or Enter, or press ? or * to list all spells.
Aiming: Stone Arrow
Press: ? - help, Shift-Dir - straight line, f/p - five-headed hydra
Aim: a five-headed hydra (severely wounded)
The stone arrow hits the five-headed hydra.
The five-headed hydra is almost dead.
The five-headed hydra bites you but does no damage.
The five-headed hydra barely misses you.
The five-headed hydra bites you!
* * * LOW HITPOINT WARNING * * *
The five-headed hydra bites you!
You die...

###.......................#
#.........................#
#..........................
###..........................
#.#..........................
#............................
#............................
##..........D.#..............
####...........@..............<.
#.Z#..............PP............
##...............................
#.#..............................
###..............................
#..............................
#................#.............)
#..................#>#P.#........
##................#######........


You could see a five-headed hydra.

Vanquished Creatures
  A hydra (Lair:1)
  Pikel (D:5)
  A spiny frog (Lair:2)
  A komodo dragon (Lair:2)
  A two-headed ogre (D:8)
  Grinder (D:5)
  Sigmund (D:5)
  5 yaks
  Menkaure (D:5)
  2 water moccasins (Lair:1)
  3 hungry ghosts
  A deep elf fighter (D:8)
  A porcupine (Lair:1)
  A centaur (D:7)
  2 orc warriors
  A phantom (D:6)
  4 ogres (D:4)
  5 crocodiles
  A big kobold (D:8)
  2 giant frogs
  A wyvern zombie (D:8)
  5 water moccasin zombies (Ossuary)
  3 wights (D:8)
  A crimson imp (D:6)
  A goliath beetle (D:6)
  A centaur zombie (D:5)
  3 jellies
  A giant frog zombie (D:7)
  A hound (D:7)
  A giant frog skeleton (D:8)
  A quasit (D:8)
  Ijyb (D:2)
  3 orc priests
  5 worker ants
  Jessica (D:2)
  3 iguanas
  6 orc wizards
  2 sheep (Lair:1)
  4 big kobold zombies (Ossuary)
  2 hound skeletons
  A mummy (D:5)
  10 adders
  4 gnolls
  7 river rats
  3 shadow imps
  4 worms
  3 adder zombies (Ossuary)
  An adder skeleton (D:6)
  4 giant geckos
  An ooze (D:4)
  28 orcs
  3 ball pythons
  A bat skeleton (D:5)
  3 giant cockroaches
  13 goblins
  6 hobgoblins
  6 quokkas
  19 bats
  A giant gecko skeleton (D:6)
  6 giant newts
  A giant spore (D:6)
  6 hobgoblin zombies (Ossuary)
  19 kobolds
  7 kobold zombies (Ossuary)
  8 orc zombies (Ossuary)
  16 rats
  A ballistomycete (D:6)
264 creatures vanquished.

Vanquished Creatures (collateral kills)
  2 yaks (Lair:1)
  A water moccasin (Lair:1)
  An orc warrior (D:8)
  An ice beast (D:8)
  A wight (D:8)
  A crimson imp (D:6)
  An orc priest (D:5)
  A hound (Lair:2)
  A worker ant (D:7)
  2 sheep (Lair:1)
  4 adders
  3 river rats
  5 orcs
  A giant cockroach (D:5)
  A quokka (D:5)
  2 bats (D:8)
  2 kobolds (D:8)
  3 rats (D:8)
  A fungus (D:8)
  A plant (D:8)
35 creatures vanquished.

Vanquished Creatures (others)
  A spiny frog skeleton (Lair:2)
  2 yak skeletons (D:8)
  An elf skeleton (D:8)
  A two-headed ogre skeleton (D:8)
  A porcupine skeleton (Lair:1)
  A big kobold skeleton (D:8)
  A crocodile skeleton (D:8)
  2 adders (D:5)
  3 gnolls (D:5)
  2 adder skeletons
  A human skeleton (D:5)
  An iguana skeleton (D:6)
  4 sheep skeletons (Lair:1)
  3 bat skeletons (D:8)
  3 gnoll skeletons
  A giant gecko skeleton (D:7)
  A goblin skeleton (D:7)
  6 kobold skeletons (D:8)
  8 orc skeletons
  3 quokka skeletons
  A rat (D:5)
  3 rat skeletons
  2 river rat skeletons (Lair:2)
52 creatures vanquished.

Grand Total: 351 creatures vanquished

Notes
Turn   | Place    | Note
--------------------------------------------------------------
     0 | D:1      | Radiman, the Gargoyle Earth Elementalist, began the quest for the Orb.
     0 | D:1      | Reached XP level 1. HP: 10/10 MP: 3/3
   168 | D:1      | Reached skill level 4 in Earth Magic
   225 | D:1      | Reached XP level 2. HP: 15/15 MP: 0/5
   230 | D:1      | Learned a level 2 spell: Stoneskin
   782 | D:2      | Noticed Jessica
   792 | D:2      | Killed Jessica
   792 | D:2      | Reached XP level 3. HP: 15/19 MP: 1/6
   858 | D:2      | Reached skill level 1 in Evocations
  1163 | D:2      | Reached XP level 4. HP: 11/24 MP: 0/8
  1509 | D:2      | Reached skill level 5 in Earth Magic
  1815 | D:2      | Noticed Ijyb
  1838 | D:2      | Killed Ijyb
  1838 | D:2      | Reached XP level 5. HP: 28/28 MP: 0/9
  2318 | D:3      | Found a glowing silver altar of Zin.
  2379 | D:3      | Found an opulent altar of Gozag.
  2907 | D:3      | Reached XP level 6. HP: 19/32 MP: 11/11
  2913 | D:3      | Reached skill level 6 in Earth Magic
  3035 | D:3      | Learned a level 3 spell: Stone Arrow
  3041 | D:3      | Learned a level 5 spell: Lee's Rapid Deconstruction
  4207 | D:4      | Reached XP level 7. HP: 19/36 MP: 9/13
  4405 | D:4      | Reached skill level 7 in Earth Magic
  4885 | D:4      | Found a snail-covered altar of Cheibriados.
  4901 | D:4      | Reached skill level 5 in Spellcasting
  5145 | D:4      | Found Iclaehud's Distillery.
  5333 | D:5      | Entered Level 5 of the Dungeon
  5409 | D:5      | Noticed Menkaure
  5437 | D:5      | Found a sand-covered staircase.
  5437 | D:5      | Found a staircase to the Ecumenical Temple.
  5467 | Ossuary  | Entered an ossuary
  5558 | Ossuary  | Reached skill level 8 in Earth Magic
  5558 | Ossuary  | Reached XP level 8. HP: 41/41 MP: 11/16
  6229 | D:6      | Reached skill level 9 in Earth Magic
  6364 | D:6      | Learned a level 1 spell: Animate Skeleton
  6473 | D:6      | Found an iron altar of Okawaru.
  6473 | D:6      | Found a deep blue altar of Sif Muna.
  6475 | D:6      | Found a basalt altar of Yredelemnul.
  6476 | D:6      | Found a blossoming altar of Fedhas.
  6564 | D:6      | Found an ancient bone altar of Kikubaaqudgha.
  6565 | D:6      | Found a shattered altar of Ashenzari.
  6565 | D:6      | Found a shimmering altar of Xom.
  6565 | D:6      | Found a sacrificial altar of Ru.
  7447 | D:6      | Found a sparkling altar of Nemelex Xobeh.
  8039 | D:5      | Noticed Pikel
  8044 | Temple   | Entered the Ecumenical Temple
  8059 | Temple   | Became a worshipper of Vehumet
  8094 | D:5      | Killed Pikel
  8094 | D:5      | Reached skill level 10 in Earth Magic
  8094 | D:5      | Reached XP level 9. HP: 36/45 MP: 6/20
  8425 | D:5      | Found an opulent altar of Gozag.
  8538 | D:5      | Noticed Sigmund
  8562 | D:5      | Killed Menkaure
  8564 | D:5      | Killed Sigmund
  8808 | D:5      | Noticed Grinder
  8814 | D:5      | Paralysed by Grinder for 4 turns
  8819 | D:5      | HP: 1/45 [Grinder (6)]
  8828 | D:5      | Paralysed by Grinder for 7 turns
  8834 | D:5      | HP: 2/45 [Grinder (4)]
  8835 | D:5      | Killed Grinder
  9172 | D:5      | Your ally Sigmund died
  9347 | D:5      | Reached skill level 11 in Earth Magic
  9666 | D:7      | Acquired Vehumet's first power
  9666 | D:7      | Offered knowledge of Freeze by Vehumet.
  9666 | D:7      | Reached skill level 1 in Fighting
 10244 | D:7      | Reached skill level 1 in Necromancy
 11065 | D:8      | Reached XP level 10. HP: 58/58 MP: 7/21
 11408 | D:7      | Reached skill level 5 in Fighting
 12037 | D:8      | Offered knowledge of Magic Dart by Vehumet.
 12223 | D:8      | Found a staircase to the Lair.
 12326 | D:8      | Reached skill level 1 in Armour
 13504 | Lair:1   | Entered Level 1 of the Lair of Beasts
 13941 | Lair:1   | Offered knowledge of Static Discharge by Vehumet.
 15226 | Lair:2   | Found a frozen archway.
 15230 | Lair:2   | Reached XP level 11. HP: 67/69 MP: 9/22
 15234 | Lair:2   | Acquired Vehumet's second power
 15273 | Lair:1   | HP: 2/69 [river rat (5)]
 15727 | Lair:1   | Noticed a seven-headed hydra
 15737 | Lair:1   | Killed a seven-headed hydra
 16094 | Lair:2   | Noticed an eight-headed hydra
 16142 | Lair:2   | Noticed a five-headed hydra
 16153 | Lair:2   | Slain by a five-headed hydra

Action                   |  1- 3 |  4- 6 |  7- 9 | 10-12 || total
-------------------------+-------+-------+-------+-------++-------
Melee: Unarmed           |    40 |    14 |       |    12 ||    66
       Hand axe          |       |    70 |   268 |    55 ||   393
       Dagger            |       |    18 |       |    58 ||    76
       Morningstar       |       |       |    22 |       ||    22
 Cast: Sandblast         |    55 |   101 |   235 |    69 ||   460
       Stone Arrow       |       |       |    59 |   108 ||   167
       Animate Skeleton  |       |       |    13 |    40 ||    53
Evoke: Wand              |       |       |       |     1 ||     1
  Use: Scroll            |       |    12 |     3 |     4 ||    19
       Potion            |       |       |     3 |     1 ||     4
 Stab: Sleeping          |       |       |     2 |     1 ||     3
       Distracted        |       |       |       |     1 ||     1
  Eat: Chunk             |     1 |    10 |    16 |    17 ||    44
       Fruit             |       |       |     2 |       ||     2
       Pizza             |       |       |     2 |       ||     2
